cohdb
Replays
Latest Replays
All Replays
Popular Replays
Top Player Replays
Match Explorer
How It Works
Community
CoH3 Stats
Reddit
Sign in to upload your games and track your stats! →
Sign in with Steam
Match 39410328
Unlisted
Match 39410328
Overview
Messages
Build Orders
End
Selects Terror Battlegroup
Construct Infanterie Kompanie
Grenadier Squad
Grenadier Squad
MG 42 Machine Gun Team
Construct Luftwaffe Kompanie
Selects Machine Gun Camouflage
Jäger Squad
Support Elements
Wirbelwind Flakpanzer
Jäger Squad
Wirbelwind Flakpanzer
Selects Defend the Fatherland
Selects Defend the Fatherland
Luftwaffe Officer Quarters
Pioneer Squad
TieLien
kenleung
Брус
Gardening Pudding
Gingerbread man
FelinJet3
KrysKryngles
Slrig
0
0
Comments
sign in to comment!
No comments posted yet!